 Dungeon Crawl Stone Soup version 0.17-a0-477-g451446c (console) character file.

1414 hhkb the Cruncher (level 8, -2/60 (62) HPs)
             Began as a Ghoul Gladiator on Apr 7, 2015.
             Was an Initiate of Okawaru.
             Slain by a black bear (6 damage)
             ... on level 7 of the Dungeon.
             The game lasted 00:18:41 (6959 turns).

hhkb the Cruncher (Ghoul Gladiator)                 Turns: 6959, Time: 00:18:42

HP:   -2/60 (62)    AC:  4    Str: 19    XL:     8   Next: 71%
MP:   7/7           EV: 12    Int:  5    God:    Okawaru [......]
Gold: 124           SH:  0    Dex:  9    Spells: 0 memorised, 7 levels left

rFire  . . .     SeeInvis .     a - +0 quarterstaff
rCold  + . .     Clarity  +     b - +0 leather armour
rNeg   + + +     SustAb   +     (no shield)
rPois  ∞         Gourm    .     c - +0 helmet
rElec  .         Spirit   .     (no cloak)
rCorr  .         Warding  .     (no gloves)
rMut   .         Stasis   .     (no boots)
MR     .....                    n - amulet of clarity {Clar, !d}
Stlth  +.........               A - ring of teleport control {cTele, !d}
                                w - ring of sustain abilities {SustAb}

@: rotting, not resistant to hostile enchantments, very unstealthy
A: rotting body, claws 1, carnivore 3, cold resistance 1, negative energy
resistance 3, slow healing 1, torment resistance, unbreathing
a: Renounce Religion, Evoke Teleport Control


You were on level 7 of the Dungeon.
You worshipped Okawaru.
Okawaru was noncommittal.
You were not hungry.

You visited 2 branches of the dungeon, and saw 8 of its levels.

You collected 254 gold pieces.
You spent 130 gold pieces at shops.

Inventory:

Hand weapons
 a - a +0 quarterstaff (weapon)
Missiles
 d - 3 throwing nets {=f, !d}
 e - 243 stones (quivered)
Armour
 b - a +0 leather armour (worn)
 c - a +0 helmet (worn)
Jewellery
 n - an amulet of clarity (around neck) {Clar, !d}
   (You found it on level 2 of the Dungeon)
 q - an uncursed ring of see invisible {sInv, !d}
   (You found it on level 2 of the Dungeon)
 w - a ring of sustain abilities (left claw) {SustAb}
   (You found it on level 3 of the Dungeon)
 A - a ring of teleport control (right claw) {cTele, !d}
   (You found it on level 4 of the Dungeon)
Scrolls
 g - a scroll of recharging {unknown}
 h - 2 scrolls of identify
 j - a scroll of immolation {unknown}
 k - 3 scrolls of remove curse
 m - a scroll of random uselessness {unknown}
 o - 2 scrolls of fear {unknown}
 r - a scroll of magic mapping {unknown}
 s - a scroll of fog
 z - a scroll of amnesia {unknown}
Potions
 l - a potion of invisibility
 p - 3 potions of resistance
 v - 2 potions of curing {unknown}
Comestibles
 f - 5 meat rations {@e2}
 i - 3 beef jerkies


   Skills:
 - Level 2.9 Fighting
 + Level 9.5 Staves
 - Level 2.3 Throwing
 - Level 3.2 Dodging


You had 7 spell levels left.
You didn't know any spells.

Dungeon Overview and Level Annotations

Branches:
Dungeon (7/15)             Temple (1/1) D:6

Altars:
Ashenzari
Cheibriados
Dithmenos
Elyvilon
Fedhas
Gozag
Kikubaaqudgha
Nemelex Xobeh
Okawaru
Ru
Sif Muna
Trog
Vehumet
Xom
Yredelemnul
Zin
The Shining One

Shops:
D:4 ?*(   D:5 [

Annotations:
D:5 Grinder


Innate Abilities, Weirdness & Mutations

Your body is rotting away.
You thrive on raw meat.
You are immune to poison.
You have sharp fingernails.
You are carnivorous and can eat meat at any time.
Your flesh is cold resistant.
You are immune to negative energy.
You heal slowly when monsters are visible.
You are immune to unholy pain and torment.
You can survive without breathing.


Message History

Okay, then.
Found a stone staircase leading down.
You regained 3 hp, and now have 60/61 hp.
A giant newt comes into view.
Health restored: 61 A giant newt is nearby!
A giant newt is nearby!
A giant newt is nearby!
You closely miss the giant newt. The giant newt closely misses you.
You miss the giant newt. The giant newt closely misses you.
You miss the giant newt.
You hit the giant newt but do no damage.
The giant newt misses you.
You barely miss the giant newt.
The giant newt bites you but does no damage.
You hit the giant newt.
You kill the giant newt!
Okawaru accepts your kill.
No target in view!
p - 3 potions of resistance (gained 1)
You may need something to eat soon, looking for food.
Can't find anything matching that.
Okay, then.
Found an escape hatch in the floor.
s - a scroll of fog You open the door.
There is an open door here.
You open the door.
There is an open door here.
Found a stone staircase leading up.
There is an open door here.
There is an open door here.
You see here a bread ration {@e1}.
Done exploring.
You may need something to eat soon, looking for food.
Can't find anything matching that.
Okay, then.
Done exploring.
(D) Dungeon (T) Temple
Where to? (Enter - D:6 @ (x,y), ? - help)
There is a stone staircase leading down here.
You climb downwards.
A black bear comes into view.
The black bear growls angrily.
There is a stone staircase leading up here.
Found an escape hatch in the ceiling.
Found a stone staircase leading down.
You hit the black bear.
You feel your flesh rotting away. The black bear bites you.
The black bear claws you but does no damage.
The black bear closely misses you.
You take 7 damage, and have 54/60 hp.
You hit the black bear.
The black bear bites you but does no damage.
The black bear misses you. The black bear claws you.
You take 1 damage, and have 53/60 hp.
You hit the black bear.
The black bear bites you but does no damage.
The black bear claws you but does no damage.
The black bear claws you.
You take 2 damage, and have 51/60 hp.
You hit the black bear. The black bear barely misses you.
The black bear barely misses you. The black bear claws you.
You take 2 damage, and have 49/60 hp.
You closely miss the black bear. The black bear bites you.
The black bear claws you but does no damage.
The black bear barely misses you.
You take 1 damage, and have 48/60 hp.
You completely miss the black bear. You barely miss the black bear.
The black bear bites you. The black bear barely misses you. x2
You take 4 damage, and have 44/60 hp.
You sock the black bear! The black bear bites you! The black bear claws you.
The black bear completely misses you.
You take 8 damage, and have 36/60 hp.
You hit the black bear. The black bear bites you.
The black bear closely misses you. The black bear claws you.
You take 9 damage, and have 27/60 hp.
You hit the black bear.
You hit the black bear but do no damage.
A goblin comes into view.
The goblin shouts!
The black bear goes berserk!
The goblin wields a hunting sling.
The goblin shoots a stone.
The stone hits you.
You see here a stone.
You take 3 damage, and have 25/60 hp.
You hit the black bear.
The black bear bites you but does no damage.
The black bear barely misses you. The black bear claws you.
You take 1 damage, and have 24/60 hp.
You hit the black bear but do no damage.
The black bear bites you!
* * * LOW HITPOINT WARNING * * *
The black bear claws you.
* * * LOW HITPOINT WARNING * * *
The black bear claws you.
* * * LOW HITPOINT WARNING * * *
The black bear bites you.
You die...

####.. ###...
#...#######
..##.######.#........
....)......@h.......#
..##..#.####....#####
# ... #...<..# #>..#
#......# ..<#.
#......## .....
#.#...## ##. ...#g..#
## .$...### ....#


You could see a black bear (berserk) and a goblin.

Vanquished Creatures
  Pikel (D:4)
  A black bear (D:6)
  An ogre (D:4)
  2 centaurs (D:5)
  A giant frog (D:5)
  2 scorpions (D:5)
  A giant frog zombie (D:5)
  A jelly (D:6)
  An orc priest (D:5)
  2 orc wizards
  2 iguanas
  A worker ant (D:4)
  A hound zombie (D:6)
  Robin (D:2)
  8 adders
  A worm (D:2)
  An adder skeleton (D:5)
  3 giant geckos
  17 orcs
  9 bats
  A bat zombie (D:5)
  4 giant cockroaches
  19 hobgoblins
  4 jackals
  6 ball pythons
  A giant gecko skeleton (D:4)
  5 giant newts
  18 goblins
  8 kobolds
  8 rats
131 creatures vanquished.

Vanquished Creatures (others)
  A crimson imp (Temple)
1 creature vanquished.

Grand Total: 132 creatures vanquished

Notes
Turn   | Place    | Note
--------------------------------------------------------------
     0 | D:1      | hhkb, the Ghoul Gladiator, began the quest for the Orb.
     0 | D:1      | Reached XP level 1. HP: 17/17 MP: 0/0
   237 | D:1      | Found a shattered altar of Ashenzari.
   269 | D:1      | Reached XP level 2. HP: 16/25 MP: 1/1
   627 | D:1      | Reached skill level 2 in Throwing
   752 | D:1      | Reached skill level 3 in Staves
   916 | D:2      | Reached XP level 3. HP: 30/30 MP: 2/2
   944 | D:2      | Found a glowing golden altar of the Shining One.
   989 | D:2      | Reached skill level 3 in Dodging
   998 | D:2      | Found a white marble altar of Elyvilon.
  1203 | D:2      | Reached XP level 4. HP: 11/37 MP: 3/3
  1246 | D:2      | HP: 8/37 [worm (10)]
  1259 | D:2      | HP: 6/37 [ball python (2)]
  1811 | D:2      | Found an opulent altar of Gozag.
  2054 | D:2      | Noticed Robin
  2093 | D:2      | Killed Robin
  2291 | D:3      | Reached skill level 4 in Staves
  2294 | D:3      | Reached XP level 5. HP: 38/44 MP: 4/4
  3259 | D:4      | Found Azegi's Assorted Antiques.
  3266 | D:4      | Bought a puce potion for 18 gold pieces
  3266 | D:4      | Bought a scroll of identify for 42 gold pieces
  3266 | D:4      | Bought a scroll labeled LILURYD NOHU for 21 gold pieces
  3266 | D:4      | Bought a scroll labeled BUDUWK KUKYGG for 21 gold pieces
  3273 | D:4      | Found Gasmoto's Magic Scroll Shop.
  3276 | D:4      | Bought a scroll of identify for 28 gold pieces
  3321 | D:4      | Noticed a slave
  3322 | D:4      | Noticed Pikel
  3323 | D:4      | Noticed a slave
  3351 | D:4      | Found Appiplo's Antique Weapon Shop.
  3687 | D:4      | Killed Pikel
  3687 | D:4      | Reached skill level 7 in Staves
  3687 | D:4      | Reached XP level 6. HP: 19/49 MP: 5/5
  3687 | D:4      | Reached XP level 7. HP: 21/55 MP: 6/6
  3688 | D:4      | Noticed a freed slave
  3688 | D:4      | Noticed a freed slave
  3971 | D:4      | Noticed an ogre
  3989 | D:4      | Killed an ogre
  4273 | D:5      | Entered Level 5 of the Dungeon
  4430 | D:5      | Reached XP level 8. HP: 57/62 MP: 7/7
  4472 | D:5      | Reached skill level 8 in Staves
  4476 | D:5      | HP: 15/62 [giant frog (7)]
  4477 | D:5      | HP: 7/62 [giant frog (3)]
  4799 | D:5      | Noticed Grinder
  5036 | D:5      | Found Syosm's Antique Armour Emporium.
  5100 | D:5      | HP: 15/62 [centaur (4)]
  5104 | D:5      | HP: 3/62 [centaur (5)]
  5117 | D:5      | HP: 11/62 [orc wizard/puff of flame (6)]
  5123 | D:5      | HP: 7/62 [orc wizard/puff of frost (5)]
  5135 | D:5      | HP: 1/62 [orc wizard/magic dart (8)]
  5512 | D:5      | Found a sacrificial altar of Ru.
  5597 | D:5      | Reached skill level 9 in Staves
  5676 | D:5      | Paralysed by Grinder for 3 turns
  5905 | D:6      | Found a blossoming altar of Fedhas.
  6006 | D:6      | Found a staircase to the Ecumenical Temple.
  6014 | Temple   | Entered the Ecumenical Temple
  6057 | Temple   | Became a worshipper of Warmaster Okawaru
  6114 | D:6      | HP: 10/61 [acid (8)]
  6471 | D:6      | HP: 15/62 [black bear (8)]
  6959 | D:7      | HP: 12/60 [black bear (12)]
  6959 | D:7      | HP: 4/60 [black bear (4)]
  6959 | D:7      | Slain by a black bear

Action                   |  1- 3 |  4- 6 |  7- 9 || total
-------------------------+-------+-------+-------++-------
Melee: Quarterstaff      |   111 |   207 |   241 ||   559
Throw: Stone             |     3 |     5 |     1 ||     9
Evoke: Wand              |       |     3 |       ||     3
  Use: Scroll            |       |     8 |     3 ||    11
       Potion            |       |     2 |     2 ||     4
  Eat: Chunk             |     7 |    21 |    20 ||    48

Vault maps used:
D:1:      wheals_arrival_linesprint, kennysheep_minor_cross,
          evilmike_ruin_ashenzari
D:2:      nicolae_overflow_hidden_temple, grunt_gozag_breadcrumbs,
          elyvilon_altar_5, uniq_robin
D:4:      serial_shops, nicolae_shop_window_shopping, nicolae_shop_crystal,
          shop, first_bread, serial_bayou_pond_c, minivault_19,
          serial_bayou_pond_d, grunt_ministairs_3, uniq_pikel
D:5:      hangedman_ru_absence, lightli_sewer_entry_pipes, serial_shops,
          kennysheep_mini_moat, hangedman_decor_riveting, grunt_ministairs_9,
          uniq_grinder
D:6:      lemuel_crystal_altar, minmay_temple_entry_statues_fountains
D:7:      gammafunk_temple_overflow_elements
Temple:   minmay_freezing_vapour_temple_12

Table legend:
 A = Turns spent in this place as a percentage of turns spent in the entire game.
 B = Non-inter-level travel turns spent in this place as a percentage of non-inter-level travel turns spent in the entire game.
 C = Inter-level travel turns spent in this place as a percentage of turns spent in this place.
 D = Turns resting spent in this place as a percentage of non-inter-level travel turns spent in this place.
 E = Turns spent auto-exploring this place as a percentage of non-inter-level travel turns spent in this place.
 F = Non-inter-level travel turns spent in this place divided by the number of levels of this place that you've seen.
                   A       B       C       D       E      F
               +-------+-------+-------+-------+-------+----------------------
         Total | 100.0 | 100.0 |   0.8 |   2.5 |   4.8 | 420.5
       Dungeon |  98.5 |  98.5 |   0.8 |   2.5 |   4.8 | 473.3
        Temple |   1.5 |   1.5 |   0.0 |   0.0 |   0.0 |  51.0
               +-------+-------+-------+-------+-------+----------------------

Table legend:
 A = Kills in this place as a percentage of kills in entire the game.
 B = Kills by you in this place as a percentage of kills by you in the entire game.
 C = Kills by friends in this place as a percentage of kills by friends in the entire game.
 D = Other kills in this place as a percentage of other kills in the entire game.
 E = Experience gained in this place as a percentage of experience gained in the entire game.
 F = Experience gained in this place divided by the number of levels of this place that you have seen.
                   A       B       C       D       E      F
               +-------+-------+-------+-------+-------+----------------------
         Total | 100.0 | 100.0 |  -nan | 100.0 | 100.0 | 252.5
       Dungeon |  97.7 |  98.5 |  -nan |   0.0 |  98.6 | 284.6
        Temple |   2.3 |   1.5 |  -nan | 100.0 |   1.4 |  28.0
               +-------+-------+-------+-------+-------+----------------------
